 Dungeon Crawl Stone Soup version 0.31-a0-675-g238779eb0a (webtiles) character file.

Game seed: 7281877178652165524

116560 Xavori the Unseen (level 16, -25/107 HPs)
             Began as an Octopode Chaos Knight on Sept 6, 2023.
             Was a Plaything of Xom.
             Annihilated by a spriggan defender simulacrum (60 damage)
             ... in an ice cave.
             The game lasted 00:40:43 (28615 turns).

Xavori the Unseen (Octopode Chaos Knight)          Turns: 28615, Time: 00:40:44

Health: -25/107    AC:  7    Str: 20    XL:     16   Next: 71%
Magic:  17/17      EV: 21    Int: 14    God:    Xom [....*.]
Gold:   2667       SH: 13    Dex: 25    Spells: 9/15 levels left

rFire   + + +        i - +2 quick blade (freeze)
rCold   x . .        U - +0 buckler {AC+3}
rNeg    + + .        a - melded +2 hat
rPois   +            j - amulet of reflection
rElec   .            c - ring of see invisible
rCorr   .            r - +6 ring of intelligence
SInv    +            u - ring of protection from fire
Will    ++...        y - ring of willpower
Stlth   +++++++++    Q - ring of Qilitt {Fire MP-9 Int-4 Dex+5 Slay+4}
HPRegen 0.37/turn    O - ring of magical power
MPRegen 0.15/turn    X - ring of positive energy
                     E - ring "Peidon" {rPois rN+ Dex+3}

%: reflection
@: beast-form, studying Air Magic
A: beast (slay +4), almost no armour, amphibious, 8 rings, camouflage 1,
gelatinous body 1, (nimble swimmer 1), tentacles, antennae 2, fangs 1, tentacle
spike 3, iridescent scales 1, fire resistance 2, high MP 1, passive freeze,
sense surroundings 1, shaggy fur 1, strong 2
a: Begin Untransformation, Renounce Religion


You were in an ice cave.
You worshipped Xom.
You were a beloved toy of Xom.
You were a hulking beast.
You visited 5 branches of the dungeon, and saw 24 of its levels.
You also visited: Ossuary, Bailey and Ice Cave.

You collected 3222 gold pieces.
You spent 555 gold pieces at shops.

Inventory:

Hand Weapons
 i - a +2 quick blade of freezing (weapon)
Armour
 a - a +2 hat (melded)
 o - a +1 buckler of poison resistance
 U - a +0 buckler of protection (worn)
Jewellery
 c - a ring of see invisible (left tentacle)
 j - an amulet of reflection (around mantle)
 r - a +6 ring of intelligence (right tentacle)
 u - a ring of protection from fire (on tentacle)
 x - a ring of poison resistance
 y - a ring of willpower (on tentacle)
 E - the ring "Peidon" (on tentacle) {rPois rN+ Dex+3}
   (You found it on level 1 of the Lair of Beasts)

   [ring of positive energy]

   Dex+3:     It affects your dexterity (+3).
   rPois:     It protects you from poison rN+: It protects you from negative
   energy.
 O - a ring of magical power (on tentacle)
 P - an amulet of guardian spirit
 Q - the ring of Qilitt (on tentacle) {Fire MP-9 Int-4 Dex+5 Slay+4}
   (You acquired it on level 8 of the Dungeon)

   [ring of fire]

   Fire:      It enhances your fire magic.
   Int-4:     It affects your intelligence (-4).
   Dex+5:     It affects your dexterity (+5).
   Slay+4:    It affects your accuracy & damage with ranged weapons and melee
   (+4).
   rF+:       It protects you from fire.
   rC-:       It makes you vulnerable to cold.
   MP-9:      It affects your magic capacity (-9).
 X - a ring of positive energy (on tentacle)
Talismans
 p - a granite talisman
 N - a beast talisman (active)
Wands
 A - a wand of mindburst (22)
 B - a wand of acid (24)
 D - a wand of flame (68)
 F - a wand of paralysis (27)
 G - a wand of roots (14)
 M - a wand of digging (14)
Scrolls
 b - a scroll of butterflies
 h - 7 scrolls of enchant armour
 m - 4 scrolls of amnesia
 v - 2 scrolls of identify
 w - a scroll of poison
 L - 7 scrolls of teleportation
 T - 2 scrolls of blinking
 W - 2 scrolls of fog
 Y - a scroll of revelation
 Z - a scroll of silence
Potions
 e - 4 potions of heal wounds
 f - 7 potions of degeneration
 g - 13 potions of curing
 k - 3 potions of mutation
 l - 2 potions of ambrosia
 n - 5 potions of cancellation
 q - 4 potions of might
 s - 4 potions of brilliance
 t - 4 potions of enlightenment
 z - 6 potions of magic
 H - a potion of haste
 I - 2 potions of resistance
 J - 2 potions of invisibility
 V - 2 potions of attraction
Miscellaneous
 C - a box of beasts
 K - a condenser vane
 R - a tin of tremorstones (2/2)
 S - a phial of floods


   Skills:
 + Level 8.9 Fighting
 + Level 12.3 Short Blades
 + Level 0.1(7.8) Long Blades
 + Level 9.6 Dodging
 - Level 19.7 Stealth
 - Level 8.5 Shields
 - Level 0.2 Spellcasting
 - Level 8.1 Hexes
 - Level 7.9 Air Magic
 - Level 7.6 Evocations
 * Level 11.8 Shapeshifting


You had 9 spell levels left.
You knew the following spells:

 Your Spells              Type           Power      Damage    Failure   Level
a - Confusing Touch       Hex            22%        N/A       3%          3
b - Swiftness             Air            22%        N/A       3%          3

Your spell library contained the following spells:

 Spells                   Type           Power      Damage    Failure   Level
 Shock                    Conj/Air       44%        1d5       7%          1
 Airstrike                Air            11%        2d(2-18)  13%         4
 Cigotuvi's Dreadful Rot  Necr/Pois/Air  14%        N/A       17%         2
 Kiss of Death            Conj/Necr      0%         2d5       34%         1
 Momentum Strike          Conj/Tloc      0%         3d8       45%         2
 Scorch                   Fire           0%         2d5       45%         2
 Sublimation of Blood     Necr           0%         N/A       45%         2
 Vhi's Electric Charge    Tloc/Air       22%        N/A       54%         4
 Ignite Poison            Fire/Tmut/Pois 0%         N/A       71%         3
 Arcjolt                  Conj/Air       5%         1d15      88%         5
 Animate Dead             Necr           0%         N/A       98%         4
 Dispel Undead            Necr           0%         3d6       98%         4
 Flame Wave               Conj/Fire      0%         2d4       98%         4
 Petrify                  Tmut/Erth      0%         N/A       98%         4
 Sticky Flame             Conj/Fire      0%         2d3       98%         4
 Irradiate                Conj/Tmut      0%         3d11      100%        5
 Summon Forest            Summ/Tloc      0%         N/A       100%        5
 Conjure Ball Lightning   Conj/Air       5%         3x3d6     100%        6
 Death Channel            Necr           0%         N/A       100%        6
 Eringya's Noxious Bog    Tmut/Pois      0%         4d6       100%        6
 Leda's Unmaking          Conj/Erth      0%         9d1       100%        6
 Summon Cactus Giant      Summ           0%         N/A       100%        6
 Haunt                    Necr/Summ      0%         N/A       100%        7
 Summon Hydra             Summ           0%         N/A       100%        7
 Ignition                 Fire           0%         3d3       100%        8
 Infestation              Necr           0%         N/A       100%        8
 Maxwell's Capacitive Co  Air            11%        ∞         100%        8


Dungeon Overview and Level Annotations

Branches:
Dungeon (15/15)            Temple (0/1) D:5            Lair (5/5) D:11
 Shoals (1/4) Lair:2        Snake (1/4) Lair:2        Slime (0/5) Lair:5
    Orc (2/2) D:10            Elf (0/3) Orc:2        Vaults (0/5) D:13
 Depths (0/4) D:15        Ossuary (visited)          Bailey (visited)
  IceCv (1/1)

Altars:
Ashenzari
Elyvilon
Fedhas
Gozag
Hepliaklqana
Makhleb
Trog
Xom
The Shining One
Jiyva

Shops:
D:1 *!   D:7 [   D:11 :   D:14 =   Orc:1 ((   Orc:2 *?[:

Annotations:
D:7 2 transporters, soul19's ghost, novice GnMo IceCv exclusion: obsidian statue


Innate Abilities, Weirdness & Mutations

You are a hulking beast.
Your limbs bulge with bestial killing power. (Slay +4)
You cannot wear most types of armour.
You are amphibious.
You can wear up to eight rings at the same time.
Your skin changes colour to match your surroundings (Stealth+).
Your rubbery body absorbs attacks. (AC +1, EV +1)
((You are camouflaged when in or above water. (Stealth+)))
You have tentacles for arms and can constrict up to eight enemies at once.
You have a pair of antennae on your head.
You have very sharp teeth.
One of your tentacles bears a large vicious spike.
You are partially covered in iridescent scales. (AC +2)
Your flesh is very heat resistant. (rF++)
You have an increased reservoir of magic. (+10% MP)
A frigid envelope surrounds you and freezes all who hurt you.
You passively map a small area around you.
You are covered in fur. (AC +1)
Your muscles are very strong. (Str +8, Int/Dex -2)


Message History

An ice dragon comes into view.
Found a frozen archway.
Found a potion of lignification.
The helpless ice dragon fails to defend itself.
You stick the ice dragon like a pincushion!!!!!
You kill the ice dragon!
There is a frozen archway here.
The world spins around you as you enter the gateway.
You enter an ice cave!
Found an ice covered gate leading back out of this place.
There is an ice choked empty arch of ancient stone here.
The helpless deep troll simulacrum fails to defend itself.
You stick the deep troll simulacrum like a pincushion!!!!!
The deep troll simulacrum vaporises!
A spriggan defender simulacrum comes into view.
A spriggan defender simulacrum and a minotaur simulacrum come into view. 3 deep troll simulacra and a minotaur simulacrum come into view.
A lindwurm simulacrum and a freezing wraith come into view.
The helpless spriggan defender simulacrum fails to defend itself.
You perforate the spriggan defender simulacrum like a sieve!!!!!
The spriggan defender simulacrum vaporises!
An obsidian statue and a freezing wraith come into view.
The minotaur simulacrum misses you.
You block the minotaur simulacrum's attack.
Marking area around an obsidian statue as unsafe for travelling.
The minotaur simulacrum attacks as it pursues you!
You block the minotaur simulacrum's attack.
The minotaur simulacrum gores you! The minotaur simulacrum freezes you!!!
You feel a terrible chill!
Xom thinks this is hilarious!
Okay, then.
The spriggan defender simulacrum barely misses you.
The spriggan defender simulacrum attacks as it pursues you!
The spriggan defender simulacrum misses you.
The spriggan defender simulacrum hits you!
The spriggan defender simulacrum freezes you!!!
You feel a terrible chill!
Ouch! That really hurt!
You die...
Xom howls with laughter!

, ##..## #....## #.....##
#### *8......# ##..######
##....Z.# ##....##..##
###.....Z.#
#..........###.........##
#.∩.∩......h#.Z....ZZ...#
#.......##..Z.##........#
##....#####..####.....W.#
##..## #### W..Z...##
#### *###.#.## ####


You could see a spriggan defender simulacrum.

Vanquished Creatures
  Saint Roka (Orc:2)
  An orc warlord (Orc:2)
  A fire dragon (Lair:5)
  A merfolk impaler (Shoals:1)
  2 ettins
  5 vault guards (D:13)
  An ogre mage (D:13)
  An ice dragon (Shoals:1)
  A catoblepas (Lair:4)
  3 centaur warriors
  A merfolk aquamancer (Shoals:1)
  2 anacondas (Snake:1)
  7 two-headed ogres
  4 boulder beetles
  Urug (D:11)
  4 tengu warriors
  4 orc high priests (Orc:2)
  A naga sharpshooter (Snake:1)
  A shock serpent (D:13)
  3 skysharks
  Nergalle (D:12)
  3 sixfirhies
  Lodul (D:13)
  3 deep trolls
  A spriggan simulacrum (IceCv)
  A deep elf archer (D:13)
  A naga ritualist (Snake:1)
  Pikel (D:9)
  A deep elf pyromancer (D:15)
  A necromancer (D:15)
  A swamp dragon (Lair:5)
  3 harpies
  8 orc knights
  A wizard (D:15)
  A wolf spider (Lair:5)
  2 oklob plants (Lair:4)
  2 mana vipers (Snake:1)
  10 ugly things
  8 orc sorcerers
  A salamander (Lair:2)
  5 cyclopes
  4 manticores
  A guardian serpent (Lair:5)
  6 black mambas
  11 elephants
  10 slime creatures
  An unseen horror (D:10)
  2 gargoyles
  16 cane toads
  11 komodo dragons
  A yaktaur (D:13)
  4 rime drakes
  2 kobold demonologists (Bailey)
  13 trolls
  A merfolk (Shoals:1)
  A meliai (shapeshifter) (Lair:2)
  6 polar bears
  Prince Ribbit (Lair:2)
  2 hornets (Lair:5)
  10 dream sheep (Lair:5)
  A tarantella (shapeshifter) (D:14)
  11 blink frogs
  3 raiju (D:13)
  3 meliai (D:13)
  A vampire (D:6)
  A jumping spider (shapeshifter) (Lair:2)
  2 water elementals (Shoals:1)
  14 wyverns
  5 wraiths
  6 basilisks
  74 yaks
  Grum (D:11)
  3 steam dragons
  The ghost of bcImEvil the Magician, an amateur HuWn (D:3)
  A redback (Lair:5)
  10 vampire mosquitoes
  2 acid dragons
  Edmund (D:4)
  7 wargs
  2 nagas
  24 water moccasins
  A swamp drake (Lair:5)
  52 orc warriors
  2 ice beasts (D:6)
  3 black bears
  2 sky beasts
  15 ogres
  7 wolves
  7 centaurs
  2 phantoms
  2 lemures (D:9)
  2 kobold brigands
  11 bullfrogs
  A gnoll sergeant (D:9)
  3 scorpions (D:6)
  A deep troll simulacrum (IceCv)
  8 wights
  4 killer bees
  6 electric eels
  3 howler monkeys
  3 lava snakes (Lair:2)
  3 hounds
  30 orc priests
  5 jellies
  Crazy Yiuf (D:5)
  13 iguanas
  2 sleepcaps
  26 orc wizards
  5 hell rats (Lair:1)
  14 mummies
  11 gnolls
  9 adders
  2 shadow imps (D:6)
  A white imp (D:8)
  An ufetubus (D:6)
  4 worms
  3 dart slugs
  110 orcs
  5 ball pythons
  7 bats
  6 endoplasms
  3 giant cockroaches
  16 goblins
  8 hobgoblins
  3 quokkas
  3 frilled lizards
  3 gnoll skeletons (Ossuary)
  A goblin skeleton (Ossuary)
  A goblin zombie (D:6)
  A hobgoblin zombie (D:6)
  6 kobolds
  2 kobold skeletons (Ossuary)
  2 orc skeletons (Ossuary)
  6 rats
  11 rat skeletons (Ossuary)
836 creatures vanquished.

Vanquished Creatures (collateral kills)
  A black mamba (Lair:5)
  A yak (D:8)
  A steam dragon (Lair:5)
  2 water moccasins (Lair:5)
  A swamp drake (D:7)
  An orc warrior (Bailey)
  A wolf (Lair:5)
  2 centaurs (D:7)
  A gnoll sergeant (D:10)
  2 wights (D:7)
  2 gnolls (Bailey)
  3 orcs
  5 goblins
  A kobold (D:7)
  A spectral weapon (D:7)
25 creatures vanquished.

Vanquished Creatures (others)
  A tengu warrior (D:9)
  Joseph (D:7)
  An orc priest (D:7)
3 creatures vanquished.

Grand Total: 864 creatures vanquished

Notes
Turn   | Place    | Note
-------+----------+-------------------------------------------
     0 | D:1      | Xavori the Octopode Chaos Knight began the quest for the
                  | Orb.
     0 | D:1      | Reached XP level 1. HP: 16/16 MP: 1/1
    43 | D:1      | Found Revadghewn's Assorted Antiques.
   100 | D:1      | XOM: divination: magic mapping
   133 | D:1      | Reached XP level 2. HP: 11/21 MP: 2/2
   215 | D:1      | Found a faded altar of an unknown god.
   320 | D:1      | Found Qutz's Distillery.
   328 | D:1      | Bought a potion of degeneration for 12 gold pieces
   328 | D:1      | Bought a potion of curing for 36 gold pieces
   639 | D:1      | XOM: silly message
  2542 | D:1      | XOM: give mutations
  2542 | D:1      | Gained mutation: Your flesh is heat resistant. (rF+) [Xom's
                  | grace]
  2542 | D:1      | Gained mutation: You have a pair of small antennae on your
                  | head. [Xom's grace]
  2542 | D:1      | Gained mutation: One of your tentacles bears a spike.
                  | [Xom's grace]
  2542 | D:1      | Gained mutation: Your muscles are strong. (Str +4, Int/Dex
                  | -1) [Xom's grace]
  2607 | D:1      | XOM is BORED!
  3798 | D:1      | XOM: divination: detect creatures
  3931 | D:1      | XOM: give mutations
  3931 | D:1      | Gained mutation: You are strong-willed. (Will+) [Xom's
                  | mischief]
  3931 | D:1      | Gained mutation: Your body sometimes deteriorates upon
                  | taking damage. [Xom's mischief]
  3931 | D:1      | Gained mutation: You have hidden genetic potential. [Xom's
                  | mischief]
  4490 | D:1      | XOM: give mutations
  4490 | D:1      | Gained mutation: You are resistant to electric shocks.
                  | (rElec) [Xom's grace]
  4490 | D:1      | Gained mutation: Your muscles are very strong. (Str +8,
                  | Int/Dex -2) [Xom's grace]
  4490 | D:1      | Gained mutation: One of your tentacles bears a nasty spike.
                  | [Xom's grace]
  4490 | D:1      | Gained mutation: You are partially covered in iridescent
                  | scales. (AC +2) [Xom's grace]
  4702 | D:2      | Reached XP level 3. HP: 8/26 MP: 3/3
  4899 | D:2      | Reached skill level 1 in Stealth
  4950 | D:2      | Gained mutation: One of your tentacles bears a large
                  | vicious spike. [hidden potential]
  5358 | D:2      | XOM: silly message
  5442 | D:3      | Reached XP level 4. HP: 28/32 MP: 4/4
  5517 | D:3      | XOM: give mutation
  5517 | D:3      | Gained mutation: You are covered in fur. (AC +1) [Xom's
                  | grace]
  5595 | D:3      | Found a runed translucent gate.
  5596 | D:3      | Found a runed translucent gate.
  5596 | D:3      | Found a runed translucent gate.
  5597 | D:3      | Found an opulent altar of Gozag.
  5598 | D:3      | Noticed bcImEvil's ghost (amateur HuWn)
  5745 | D:3      | Reached skill level 2 in Stealth
  5749 | D:3      | Reached skill level 1 in Shapeshifting
  5749 | D:3      | Reached XP level 5. HP: 35/37 MP: 5/5
  5754 | D:3      | Gained mutation: Your mind is acute. (Int +4, Str/Dex -1)
                  | [hidden potential]
  5754 | D:3      | Lost mutation: You have hidden genetic potential. [hidden
                  | potential expressed]
  5804 | D:3      | Reached skill level 3 in Stealth
  6177 | D:3      | XOM: fake destruction
  6178 | D:3      | Killed bcImEvil's ghost
  6179 | D:3      | Reached skill level 4 in Stealth
  6179 | D:3      | Reached skill level 1 in Shields
  6179 | D:3      | Reached XP level 6. HP: 28/43 MP: 6/6
  6374 | D:1      | Bought a potion of cancellation for 96 gold pieces
  6374 | D:1      | Bought a potion of enlightenment for 60 gold pieces
  6374 | D:1      | Bought a potion of heal wounds for 60 gold pieces
  6562 | D:4      | XOM: noise
  6637 | D:4      | Noticed Edmund
  6642 | D:4      | XOM: confuse monster(s)
  6655 | D:4      | Killed Edmund
  6656 | D:4      | Reached skill level 5 in Stealth
  6656 | D:4      | Reached XP level 7. HP: 46/48 MP: 7/7
  6797 | D:4      | Found a bloodstained altar of Trog.
  7022 | D:4      | XOM: give mutations
  7022 | D:4      | Lost mutation: Your flesh is heat resistant. (rF+) [Xom's
                  | mischief]
  7022 | D:4      | Lost mutation: Your body sometimes deteriorates upon taking
                  | damage. [Xom's mischief]
  7051 | D:5      | Entered Level 5 of the Dungeon
  7070 | D:5      | Reached skill level 1 in Evocations
  7071 | D:5      | Reached skill level 6 in Stealth
  7176 | D:5      | Found a staircase to the Ecumenical Temple.
  7194 | D:5      | Reached skill level 5 in Short Blades
  7265 | D:5      | Reached XP level 8. HP: 54/54 MP: 8/8
  7419 | D:5      | Identified the +10 falchion "Duede" {antimagic, Dex+3}
  7774 | D:5      | Found a runed translucent door.
  7775 | D:5      | Noticed Crazy Yiuf
  7849 | D:5      | Killed Crazy Yiuf
  7934 | D:6      | Found Kadgh's Magic Scroll Emporium.
  7937 | D:6      | Noticed a vampire
  7942 | D:6      | Reached skill level 7 in Stealth
  7943 | D:6      | XOM: fog
  7955 | D:6      | XOM: confusion
  7991 | D:6      | XOM: cast spell 'Olgreb's Toxic Radiance'
  7996 | D:6      | Killed a vampire
  7997 | D:6      | Reached skill level 8 in Stealth
  8028 | D:6      | Reached XP level 9. HP: 25/59 MP: 9/9
  8069 | D:6      | Found a burning altar of Makhleb.
  8072 | D:6      | Noticed a boulder beetle
  8149 | D:6      | Found a sand-covered staircase.
  8154 | Ossuary  | Entered an ossuary
  8345 | Ossuary  | XOM: god gift: condenser vane
  8581 | D:6      | XOM: noise
  8584 | D:6      | Reached skill level 9 in Stealth
  8826 | D:6      | XOM: confuse monster(s)
  8828 | D:6      | Killed a boulder beetle
  8829 | D:6      | Reached skill level 10 in Stealth
  8838 | D:6      | XOM: enchant monster (good)
  8874 | D:6      | XOM: enchant monster (good)
  9061 | D:6      | XOM: stat loss: -1 Str (17/18)
  9613 | D:6      | Identified a scroll of acquirement
  9613 | D:6      | Acquired a +2 hat
  9675 | D:7      | Found a transporter.
  9680 | D:7      | Found a transporter.
  9775 | D:7      | XOM: polymorph centaur -> swamp drake
  9781 | D:7      | Reached XP level 10. HP: 28/65 MP: 10/10
  9783 | D:7      | Reached skill level 5 in Fighting
  9788 | D:7      | Reached skill level 5 in Shapeshifting
 10224 | D:7      | Noticed Joseph
 10240 | D:7      | XOM: summons friendly shadow imp
 10240 | D:7      | Killed Joseph
 10241 | D:7      | Reached skill level 5 in Dodging
 10268 | D:7      | Noticed soul19's ghost (novice GnMo)
 10330 | D:7      | XOM: god gift: 14 gold pieces
 10346 | D:7      | XOM: polymorph shadow imp -> white imp
 10621 | D:7      | XOM: chaos upgrade
 10623 | D:7      | XOM: cast spell 'Cause Fear'
 10777 | D:7      | XOM: confusion (+ monsters)
 10837 | D:7      | XOM: god gift: +1 buckler of poison resistance
 10853 | D:7      | Found Buonk's Armour Shop.
 10955 | D:7      | XOM: god gift: wand of mindburst (4)
 11232 | D:8      | Reached skill level 11 in Stealth
 11376 | D:8      | XOM: summons 9 friendly demons
 11381 | D:8      | Reached skill level 5 in Evocations
 11403 | D:8      | XOM: divination: magic mapping
 11409 | D:8      | XOM: enchant monster (good)
 11435 | D:7      | XOM: give mutations
 11435 | D:7      | Lost mutation: Your mind is acute. (Int +4, Str/Dex -1)
                  | [Xom's mischief]
 11435 | D:7      | Gained mutation: A frigid envelope surrounds you and
                  | freezes all who hurt you. [Xom's mischief]
 11435 | D:7      | Lost mutation: You are strong-willed. (Will+) [Xom's
                  | mischief]
 11435 | D:7      | Lost mutation: You are resistant to electric shocks.
                  | (rElec) [Xom's mischief]
 11616 | D:7      | XOM: cleaving
 11734 | D:8      | Reached XP level 11. HP: 62/72 MP: 11/11
 11799 | D:7      | XOM: summons 5 hostile demons
 11833 | D:8      | Found a flagged portal.
 11839 | Bailey   | Entered a bailey
 11893 | Bailey   | Noticed an orc knight
 11921 | Bailey   | Killed an orc knight
 11982 | Bailey   | Found an iron altar of Okawaru.
 11982 | Bailey   | XOM: 4-stop teleportation journey
 12007 | Bailey   | Got the Anthology of Energy
 12200 | Bailey   | Noticed an orc knight
 12213 | Bailey   | XOM: summons friendly white imp
 12216 | Bailey   | XOM: divination: detect creatures
 12221 | Bailey   | Killed an orc knight
 12239 | Bailey   | XOM: cloud trail
 12245 | Bailey   | XOM: 1-stop teleportation journey
 12250 | Bailey   | XOM: stat loss: -1 Str (19/20)
 12445 | Bailey   | Noticed an orc knight
 12455 | Bailey   | XOM: confuse monster(s)
 12459 | Bailey   | XOM: scenery: 1 doors close
 12470 | Bailey   | Killed an orc knight
 12695 | Bailey   | XOM: scenery: 1 doors close
 12859 | D:8      | Found a hazy altar of Hepliaklqana.
 12863 | D:8      | Found a glowing golden altar of the Shining One.
 12864 | D:8      | Acquired the ring of Qilitt {Fire MP-9 Int-4 Dex+5 Slay+4}
 13025 | D:9      | XOM: torment (37/72 hp)
 13153 | D:9      | Found a white marble altar of Elyvilon.
 13330 | D:9      | Noticed Pikel
 13335 | D:9      | XOM: summons friendly ufetubus
 13342 | D:9      | Killed Pikel
 13343 | D:9      | Reached skill level 12 in Stealth
 13483 | D:9      | Noticed a tengu warrior
 13483 | D:9      | Noticed a tengu warrior
 13493 | D:9      | XOM: summons 11 friendly demons
 13502 | D:9      | Killed a tengu warrior
 13503 | D:9      | Killed a tengu warrior
 13503 | D:9      | XOM: divine lightning
 13671 | D:9      | XOM: god gift: +0 buckler of protection
 13871 | D:9      | XOM: 1-stop teleportation journey
 14070 | D:10     | Entered Level 10 of the Dungeon
 14113 | D:10     | Noticed a tengu warrior
 14148 | D:10     | Killed a tengu warrior
 14149 | D:10     | Reached skill level 13 in Stealth
 14149 | D:10     | Reached XP level 12. HP: 80/80 MP: 12/12
 14153 | D:10     | Learned a level 3 spell: Confusing Touch
 14202 | D:10     | Found the +18 Lear's hauberk
 14283 | D:10     | Found a staircase to the Orcish Mines.
 14386 | D:10     | XOM: 5-stop teleportation journey
 14469 | D:10     | Reached skill level 5 in Shields
 14525 | D:10     | XOM: confuse monster(s)
 14540 | D:10     | Learned a level 3 spell: Swiftness
 14546 | D:10     | Reached skill level 1 in Hexes
 14549 | D:10     | XOM: summons 11 friendly demons
 14675 | D:10     | XOM: scenery: create altars
 14804 | D:10     | XOM: cloud trail
 14809 | D:11     | Noticed Urug
 14812 | D:11     | Killed Urug
 14915 | D:11     | Reached skill level 1 in Air Magic
 14922 | D:11     | XOM: summons 8 friendly demons
 14956 | D:11     | Reached skill level 14 in Stealth
 14962 | D:11     | Noticed Grum
 14968 | D:11     | Killed Grum
 14969 | D:11     | XOM: enchant monster (good)
 15049 | D:11     | Found a broken altar of Ashenzari.
 15139 | D:11     | Found Maupryfy's Book Shoppe.
 15290 | D:11     | Found a staircase to the Lair.
 15597 | Lair:1   | Entered Level 1 of the Lair of Beasts
 15929 | Lair:1   | XOM: fog
 15998 | Lair:1   | Identified the ring "Peidon" {rPois rN+ Dex+3}
 16064 | Lair:1   | XOM: give mutations
 16064 | Lair:1   | Gained mutation: You have an increased reservoir of magic.
                  | (+10% MP) [Xom's mischief]
 16064 | Lair:1   | Gained mutation: You are strong-willed. (Will+) [Xom's
                  | mischief]
 16064 | Lair:1   | Lost mutation: You are strong-willed. (Will+) [Xom's
                  | mischief]
 16064 | Lair:1   | Lost mutation: One of your tentacles bears a large vicious
                  | spike. [Xom's mischief]
 16238 | Lair:1   | XOM: scenery: summon butterflies
 16245 | Lair:1   | XOM: scenery: create altars
 16273 | Lair:1   | Reached XP level 13. HP: 74/85 MP: 14/14
 16381 | Lair:1   | XOM: noise
 16478 | Lair:1   | XOM: noise
 16678 | Lair:1   | XOM: summons 3 hostile shadow creatures
 16834 | Lair:2   | Noticed Prince Ribbit
 16835 | Lair:2   | Found a staircase to the Shoals.
 17013 | Lair:2   | Killed Prince Ribbit
 17021 | Lair:2   | XOM: cast spell 'Dispersal'
 17028 | Lair:2   | XOM: swap monsters
 17035 | Lair:2   | XOM: blink monster(s)
 17043 | Lair:2   | XOM: enchant monster (good)
 17114 | Lair:2   | XOM: confuse monster(s)
 17122 | Lair:2   | XOM: butterfly on damage
 17393 | Lair:2   | Reached skill level 15 in Stealth
 17423 | Lair:2   | Found a staircase to the Snake Pit.
 17428 | Lair:2   | XOM: repel stairs
 17507 | Lair:2   | XOM: god gift: dyed leather armour {god gift}
 17678 | Lair:2   | XOM: potion effect (brilliance)
 17771 | Lair:2   | XOM: noise
 17778 | Lair:2   | XOM: polymorph yak -> shapeshifter
 17785 | Lair:2   | XOM: polymorph yak -> shapeshifter
 17790 | Lair:2   | XOM: enchant monster (good)
 17793 | Lair:2   | XOM: summons 5 friendly demons
 17797 | Lair:2   | XOM: fake destruction
 17800 | Lair:2   | XOM: cleaving
 18337 | Lair:3   | XOM is BORED!
 18337 | Lair:3   | XOM: give mutations
 18337 | Lair:3   | Gained mutation: Your skin blends seamlessly with your
                  | surroundings (Stealth++). [Xom's mischief]
 18337 | Lair:3   | Gained mutation: You sometimes lose your temper in combat.
                  | [Xom's mischief]
 18337 | Lair:3   | Lost mutation: Your skin blends seamlessly with your
                  | surroundings (Stealth++). [Xom's mischief]
 18452 | Lair:3   | XOM: noise
 18499 | Lair:3   | Reached skill level 10 in Short Blades
 18607 | Lair:3   | Reached skill level 5 in Hexes
 18770 | Lair:3   | Reached skill level 5 in Air Magic
 19098 | Lair:4   | Reached skill level 16 in Stealth
 19208 | Lair:4   | XOM: scenery: create altars
 19327 | Lair:4   | XOM is BORED!
 19420 | Lair:4   | Found a blossoming altar of Fedhas.
 19427 | Lair:4   | Reached XP level 14. HP: 92/92 MP: 15/15
 19847 | Lair:4   | XOM: give mutation
 19847 | Lair:4   | Gained mutation: You have very sharp teeth. [Xom's grace]
 19905 | Lair:4   | XOM: cloud trail
 20118 | Lair:5   | Entered Level 5 of the Lair of Beasts
 20189 | Lair:5   | Found a viscous altar of Jiyva.
 20190 | Lair:5   | Found a staircase to the Slime Pits.
 20216 | Lair:5   | XOM: polymorph yak -> troll
 20256 | Lair:5   | Identified the +5 scale mail of Absolutism {Stlth+}
 20378 | Lair:5   | XOM: summons friendly red devil
 20386 | Lair:5   | XOM: scenery: create altars
 20445 | Lair:5   | Reached skill level 17 in Stealth
 20867 | Lair:5   | XOM: scenery: summon butterflies
 21162 | Lair:5   | XOM: god gift: 11 gold pieces
 21416 | Lair:5   | XOM: enchant monster (good)
 21526 | Lair:5   | Identified the +1 scale mail of Beyond {rF+ Dex+2}
 21606 | Lair:5   | XOM: cleaving
 21608 | Lair:5   | XOM: snakes to sticks
 21835 | Lair:2   | XOM: god gift: box of beasts
 21899 | Orc:1    | Entered Level 1 of the Orcish Mines
 21904 | Orc:1    | You fall into a shaft and drop 1 floor!
 21904 | Orc:2    | Entered Level 2 of the Orcish Mines
 21926 | Orc:1    | Reached skill level 10 in Shapeshifting
 21933 | Orc:1    | XOM: confuse monster(s)
 21935 | Orc:1    | XOM: scenery: create altars
 22195 | Orc:2    | Noticed an orc warlord
 22197 | Orc:2    | XOM: scenery: 1 doors close
 22200 | Orc:2    | Killed an orc warlord
 22208 | Orc:2    | Reached XP level 15. HP: 63/99 MP: 16/16
 22209 | Orc:2    | XOM: enchant monster (good)
 22292 | Orc:2    | XOM: give mutations
 22292 | Orc:2    | Gained mutation: One of your tentacles bears a large
                  | vicious spike. [Xom's grace]
 22292 | Orc:2    | Gained mutation: You have hidden genetic potential. [Xom's
                  | grace]
 22292 | Orc:2    | Gained mutation: You passively map a small area around you.
                  | [Xom's grace]
 22400 | Orc:2    | Found Waqif's Magic Scroll Emporium.
 22413 | Orc:2    | Bought a scroll of enchant weapon for 97 gold pieces
 22413 | Orc:2    | Bought a scroll of enchant armour for 97 gold pieces
 22413 | Orc:2    | Bought a scroll of enchant armour for 97 gold pieces
 22462 | Orc:2    | XOM: god gift: staff of air
 22508 | Orc:2    | Found Ucamits's Assorted Antiques.
 22584 | Orc:2    | Found Afesisuh's Armour Emporium.
 22584 | Orc:2    | XOM: 8-stop teleportation journey
 22657 | Orc:1    | Found Doiqytz's Weapon Emporium.
 22699 | Orc:1    | Found Haikyl's Antique Weapon Shop.
 22704 | Orc:1    | XOM: god gift: 31 gold pieces
 22721 | Orc:1    | XOM: polymorph orc warrior -> jelly
 22726 | Orc:1    | Reached skill level 18 in Stealth
 22818 | Orc:1    | XOM: give mutations
 22818 | Orc:1    | Lost mutation: You sometimes lose your temper in combat.
                  | [Xom's grace]
 22818 | Orc:1    | Gained mutation: Your flesh is heat resistant. (rF+) [Xom's
                  | grace]
 22818 | Orc:1    | Gained mutation: Your flesh is very heat resistant. (rF++)
                  | [Xom's grace]
 22870 | Orc:2    | XOM: god gift: orcbow {god gift}
 23051 | Orc:2    | XOM: summons friendly iron imp
 23102 | Orc:2    | XOM: polymorph orc priest -> jelly
 23133 | Orc:2    | Noticed Saint Roka
 23149 | Orc:2    | XOM: polymorph soul eater -> sun demon
 23286 | Orc:2    | XOM: god gift: wand of mindburst (5)
 23496 | Orc:2    | Found a staircase to the Elven Halls.
 23498 | Orc:2    | XOM: noise
 23720 | Orc:2    | XOM: scenery: 1 doors close
 23826 | Orc:2    | XOM: silly message
 24054 | Orc:2    | XOM: divination: magic mapping
 24063 | Orc:2    | Killed Saint Roka
 24084 | Orc:2    | Found Qimuuch's Book Shoppe.
 24135 | Orc:2    | XOM: summons friendly crimson imp
 24510 | D:12     | XOM is BORED!
 24510 | D:12     | XOM: give mutation
 24510 | D:12     | Lost mutation: You have hidden genetic potential. [Xom's
                  | mischief]
 24699 | D:12     | Noticed Nergalle
 24704 | D:12     | Killed Nergalle
 24991 | D:12     | XOM: cast spell 'Call Canine Familiar'
 25229 | D:12     | XOM: god gift: wand of digging (5)
 25418 | D:12     | XOM: scenery: summon butterflies
 25581 | D:13     | Reached skill level 19 in Stealth
 25657 | D:13     | XOM: smoke on damage
 25701 | D:13     | XOM: give mutation
 25701 | D:13     | Gained mutation: You have a pair of antennae on your head.
                  | [Xom's grace]
 25801 | D:13     | XOM: fog
 26090 | D:13     | XOM: fog
 26140 | D:13     | Reached XP level 16. HP: 105/105 MP: 17/17
 26144 | D:13     | XOM: scenery: summon butterflies
 26166 | D:13     | XOM: divination: detect creatures
 26217 | D:13     | XOM: silly message
 26360 | D:13     | Noticed Lodul
 26362 | D:13     | XOM: summons 4 hostile shadow creatures
 26468 | D:13     | Killed Lodul
 26475 | D:13     | XOM: noise
 26569 | D:13     | Found the +5 glaive of the Guard {elec, spectral, AC+5}
 26658 | D:13     | Found a gate to the Vaults.
 26758 | D:14     | Found Izakurgh's Jewellery Shoppe.
 26999 | D:14     | XOM: noise
 27007 | D:14     | XOM: divination: detect creatures
 27218 | D:14     | XOM: silly message
 27259 | D:14     | XOM: potion effect (brilliance)
 27392 | D:14     | XOM: noise
 27450 | D:15     | Entered Level 15 of the Dungeon
 27520 | D:15     | XOM: 1-stop teleportation journey
 27665 | D:15     | Found a staircase to the Depths.
 28056 | Snake:1  | Entered Level 1 of the Snake Pit
 28066 | Snake:1  | XOM: smoke on damage
 28070 | Snake:1  | XOM: summons friendly iron imp
 28162 | Lair:2   | XOM: god gift: silver javelin
 28557 | Shoals:1 | Entered Level 1 of the Shoals
 28584 | Shoals:1 | Found a frozen archway.
 28594 | IceCv    | Entered an ice cave
 28615 | IceCv    | Annihilated by a spriggan defender simulacrum

Illustrated notes

Levels and vault maps discovered:
D:1:      heliophobic_arrival_battle_scene, layout_loops_corners, serial_shops,
          nicolae_shop_just_a_little_nook, nicolae_shop_behind_doors,
          dreamdust_ecumenical_altar_statues, minmay_circled_x
D:2:      layout_loops_ring, skrybe_limestone_x
D:3:      layout_loops_ring, ebering_ghost_gozag, grunt_ministairs_1
D:4:      layout_cave_pools, trog_butcher_becter, kennysheep_generic_room_16,
          uniq_edmund
D:5:      layout_layer_cave, minmay_temple_entry_waves, minivault_19,
          uniq_crazy_yiuf_cottage
D:6:      cheibrodos_fzero, layout_loops_ring, mainiacjoe_overflow_tiny_flanked,
          nicolae_ossuary_entry_giza, serial_shops, nicolae_shop_trees
D:7:      layout_loops_ring, serial_shops, shop, gammafunk_ghost_stat_death,
          nrook_campfire, centaur_isle, uniq_joseph
D:8:      layout_rooms, nicolae_overflow_hidden_temple, enter_bailey_3,
          chequers_serial_rivers_micro_c, hangedman_decor_riveting
D:9:      layout_grid_maze, mainiacjoe_overflow_cross_hatched,
          kennysheep_generic_room_5, uniq_pikel
D:10:     layout_rooms, erik_orc_3, hellmonk_guarded_unrand_lears
D:11:     layout_loops_ring, lair_entry_dummy, serial_shops,
          nicolae_shop_peninsula, cheibrodos_ashenzari_chains, uniq_grum,
          uniq_urug
D:12:     layout_roguey, uniq_nergalle
D:13:     minmay_shoctagon, layout_cave_pools, grunt_vaults_entry_fortified,
          grunt_ministairs_10, uniq_lodul
D:14:     layout_loops_ring, chequers_arboretum, minmay_misc_feat_encased,
          serial_bayou_pond_e, nicolae_take_the_stairs
D:15:     hangedman_depths_entry_civil_slaughter, layout_basic
Lair:1:   layout_gridlike
Lair:2:   layout_roguey, nicolae_shoals_entry_roost,
          nicolae_snake_entry_warm_welcome, uniq_prince_ribbit2
Lair:3:   layout_roguey
Lair:4:   dreamdust_cave_troll, layout_cave_pods, hangedman_tree_tricks
Lair:5:   hangedman_lair_tendril_chambers, layout_cave_pods,
          guppyfry_lair_end_dragon, slime_entry_1
Shoals:1: layout_shoals, portal_ice_cave_entry_dragon,
          nicolae_shoals_spring_well_temple, uniq_frances
Snake:1:  layout_rooms, serial_shops, nicolae_shop_window_shopping, basic_altar,
          nicolae_snake_coiling_death
Orc:1:    layout_diamond_mine, serial_shops, nicolae_shop_tiny_statue_garden,
          shop
Orc:2:    pubby_orc_utopia
IceCv:    ice_cave_small_demon

Skill      XL: |  1  2  3  4  5  6  7  8  9 10 11 12 13 14 15 16 |
---------------+-------------------------------------------------+-----
Stealth        | 1 2 4 5 6 8 10 11 13 14 16 17 19 | 19.7
Shapeshifting  | 1 2 3 4 5 7 8 9 10 11 | 11.8
Short Blades   | 4 5 6 7 8 9 10 11 12 | 12.3
Dodging        | 3 4 5 6 7 8 9 |  9.6
Shields        | 1 2 3 4 5 6 7 8 |  8.5
Fighting       | 4 5 6 7 8 |  8.9
Evocations     | 1 2 4 5 7 |  7.6
Hexes          | 3 5 6 8 |  8.1
Air Magic      | 3 5 6 7 |  7.9
Long Blades    | |  0.1
Spellcasting   | |  0.2

Action                     |  1- 3 |  4- 6 |  7- 9 | 10-12 | 13-15 | 16-18 || total
---------------------------+-------+-------+-------+-------+-------+-------++-------
  Melee: Short sword       |    66 |    75 |       |       |       |       ||   141
         Constrict         |    18 |    16 |    60 |    58 |   168 |    24 ||   344
         Tentacles         |    11 |    19 |    53 |   108 |   265 |    51 ||   507
         Kick              |     7 |    25 |    91 |   199 |   436 |    87 ||   845
         Punch             |     1 |     1 |     4 |     9 |    15 |     4 ||    34
         Dagger            |       |    10 |   229 |   411 |   438 |       ||  1088
         Falchion          |       |       |    16 |       |       |       ||    16
         Quick blade       |       |       |       |       |   491 |   175 ||   666
         Bite              |       |       |       |       |   117 |    36 ||   153
   Cast: Confusing Touch   |       |       |       |       |       |     1 ||     1
  Evoke: Wand              |       |       |     6 |     7 |       |     2 ||    15
         Condenser vane    |       |       |       |     1 |       |     1 ||     2
         Phial of floods   |       |       |       |       |     1 |       ||     1
    Use: Potion            |       |       |     2 |     1 |     2 |       ||     5
         Scroll            |       |       |    11 |     2 |    20 |     3 ||    36
   Stab: Sleeping          |     6 |     5 |    28 |    34 |    88 |    29 ||   190
         Paralysed         |       |     1 |     2 |     2 |     1 |       ||     6
         Distracted        |       |       |       |     5 |     5 |       ||    10
         Confused          |       |       |       |     2 |     2 |       ||     4
         Betrayed ally     |       |       |       |     1 |       |       ||     1
         Petrifying        |       |       |       |       |     1 |       ||     1
         Invisible         |       |       |       |       |     3 |       ||     3
 Armour: Skin              |    26 |    26 |    73 |   124 |   158 |    34 ||   441
  Dodge: Dodged            |    36 |    35 |    96 |   180 |   267 |    54 ||   668
  Block: Other             |     6 |    11 |    28 |    15 |       |       ||    60
         Reflection        |       |     1 |     2 |     6 |     9 |     5 ||    23
         Buckler           |       |       |       |   116 |   269 |    52 ||   437
   Form: Beast             |       |       |     2 |       |       |       ||     2
                           |       |       |     1 |       |       |       ||     1

Table legend: (Time is in decaauts)
 A = Elapsed time spent in this place.
 B = Non-inter-level travel time spent in this place.
 C = Inter-level travel time spent in this place.
 D = Time resting spent in this place.
 E = Time spent auto-exploring this place.
 F = Levels seen in this place.
 G = Mean time per level.
                   A        B        C        D        E       F      G
               +--------+--------+--------+--------+--------+-----+--------+
         Total |  28131 |  26592 |   1539 |   7740 |  14208 |  27 | 1041.9 |
       Dungeon |  17709 |  16613 |   1096 |   5991 |   8214 |  15 | 1180.6 |
          Lair |   6647 |   6301 |    346 |   1234 |   3892 |   5 | 1329.4 |
        Shoals |     32 |     32 |      0 |      0 |      1 |   1 |   32.0 |
     Snake Pit |     31 |     31 |      0 |      2 |      0 |   1 |   31.0 |
  Orcish Mines |   2492 |   2396 |     96 |    322 |   1458 |   2 | 1246.0 |
       Ossuary |    361 |    361 |      0 |      0 |    208 |   1 |  361.0 |
        Bailey |    835 |    835 |      0 |    190 |    434 |   1 |  835.0 |
      Ice Cave |     19 |     19 |      0 |      0 |      0 |   1 |   19.0 |
               +--------+--------+--------+--------+--------+-----+--------+

Top non-repeatable levels by time:
     D:1: 4894 daAuts
   Orc:2: 1966 daAuts
  Lair:2: 1845 daAuts
  Lair:5: 1647 daAuts
     D:6: 1483 daAuts
     D:7: 1444 daAuts
  Lair:1: 1307 daAuts
    D:13: 1213 daAuts
  Lair:4: 1136 daAuts
     D:9: 1092 daAuts
    D:12: 1056 daAuts
     D:3: 892 daAuts
     D:2: 880 daAuts
  Bailey: 835 daAuts
     D:5: 814 daAuts
